cohdb
Replays
Latest Replays
All Replays
Popular Replays
Top Player Replays
Match Explorer
How It Works
Community
CoH3 Stats
Reddit
Sign in to upload your games and track your stats! →
Sign in with Steam
Match 43338489
Unlisted
Match 43338489
Overview
Messages
Build Orders
End
Panzergrenadier Squad
250 Light Carrier
250 Light Carrier
Construct Light Support Kompanie
MG34 Team
Combat Half-tracks
Selects Battlefield Espionage Battlegroup
Selects Intel Disruption Beacon
Panzerjäger Mechanized Group
Fire Support Elements
Flakvierling Half-track
Pak 38 Anti-tank Gun Team
MG34 Team
Selects 250/3 Funkpanzerwagen
Selects Anti-Tank Incendiary Munitions
Selects 250/3 Funkpanzerwagen
Selects Anti-Tank Incendiary Munitions
2.5-tonne Medical Truck
Selects Plunder
Construct Panzerarmee Kommand
Panzer III L Medium Tank
Vehicle Survival Package
Walking Stuka Rocket Launcher
Selects Firestorm
Firestorm
AI Takeover
MageGreen & Frechersack Prime
tagilla
vincent
Take the beer and watch my game
Беашел
Skeletor
Elbehiri
jaws2005
0
0
Comments
sign in to comment!
No comments posted yet!